 Dungeon Crawl Stone Soup version 0.30-a0-672-gc3a7216ad8 (webtiles) character file.

Game seed: 5213145084718738350

1934 bande the Chopper (level 9, -1/55 HPs)
             Began as a Gargoyle Fighter on Jan 19, 2023.
             Was an Initiate of Okawaru.
             Slain by a troll (5 damage)
             ... on level 6 of the Dungeon.
             The game lasted 00:09:35 (4802 turns).

bande the Chopper (Gargoyle Fighter)                Turns: 4802, Time: 00:09:35

Health: -1/55      AC: 24    Str: 19    XL:     9   Next: 17%
Magic:  0/9        EV:  7    Int: 10    God:    Okawaru [......]
Gold:   559        SH:  5    Dex: 15    Spells: 8/8 levels left

rFire   . . .      SeeInvis .    a - +1 war axe
rCold   . . .      Faith    .    c - +0 buckler
rNeg    + . .      Spirit   +    v - +0 chain mail
rPois   ∞          Reflect  .    (no helmet)
rElec   +          Harm     .    (no cloak)
rCorr   .          Rampage  .    i - +1 pair of gloves
Will    +....                    t - +0 pair of boots Stlth
                                 p - amulet of guardian spirit
HPRegen 0.29/turn                l - ring of the Morning {rElec Will+ AC+4 Dex+2}
MPRegen 0.11/turn                (no ring)

@: no status effects
A: sickness immunity, AC +6, negative energy resistance 1, electricity
resistance, torment resistance 1, petrification resistance
a: Renounce Religion


You were on level 6 of the Dungeon.
You worshipped Okawaru.
Okawaru was noncommittal.
You visited 2 branches of the dungeon, and saw 7 of its levels.

You collected 559 gold pieces.

Inventory:

Hand Weapons
 a - a +1 war axe (weapon)
 m - a +0 flail of draining
Armour
 c - a +0 buckler (worn)
 i - a +1 pair of gloves (worn)
 t - a +0 pair of boots (worn)
 v - a +0 chain mail (worn)
Jewellery
 l - the ring of the Morning (left hand) {rElec Will+ AC+4 Dex+2}
   (You acquired it on level 4 of the Dungeon)

   [ring of protection]

   AC:        It affects your AC (+4).
   Dex:       It affects your dexterity (+2).
   rElec:     It insulates you from electricity.
   Will:      It increases your willpower.
 n - an amulet of magic regeneration
 p - an amulet of guardian spirit (around neck)
Wands
 s - a wand of roots (10)
Scrolls
 g - a scroll of amnesia
 r - 2 scrolls of enchant armour
Potions
 d - 2 potions of might
 e - 3 potions of flight
 f - 3 potions of magic {unknown}
 h - a potion of invisibility {unknown}
 j - a potion of attraction {unknown}
 k - 3 potions of brilliance
 o - 2 potions of degeneration {unknown}
 q - 5 potions of heal wounds
 u - a potion of curing {unknown}


   Skills:
 + Level 5.6 Fighting
 + Level 7.6 Axes
 + Level 6.2 Armour
 - Level 0.3 Stealth
 + Level 4.8 Shields
 * Level 1.1 Invocations
 * Level 3.4 Evocations


You had 8 spell levels left.
You didn't know any spells.
Your spell library contained the following spells:

 Spells                   Type           Power      Damage    Failure   Level
 Shock                    Conj/Air       0%         1d3       99%         1
 Slow                     Hex            0%         N/A       99%         1
 Sting                    Tmut/Pois      0%         1d3       99%         1
 Lesser Beckoning         Tloc           0%         N/A       100%        2
 Poisonous Vapours        Pois/Air       0%         N/A       100%        2
 Kindle Blastsparks       Fire/Tloc/Air  0%         2d10      100%        3
 Ozocubu's Armour         Ice            0%         N/A       100%        3
 Portal Projectile        Hex/Tloc       0%         N/A       100%        3
 Swiftness                Air            0%         N/A       100%        3
 Airstrike                Air            0%         2d(0-16)  100%        4
 Olgreb's Toxic Radiance  Pois           0%         N/A       100%        4
 Blade Hands              Tmut           0%         N/A       100%        5
 Irradiate                Conj/Tmut      0%         3d11      100%        5
 Metabolic Englaciation   Hex/Ice        0%         N/A       100%        5
 Dragon Form              Tmut           0%         N/A       100%        7
 Ozocubu's Refrigeration  Ice            0%         4d7       100%        7
 Simulacrum               Ice/Necr       Unusable   N/A       N/A         6

Dungeon Overview and Level Annotations

Branches:
Dungeon (6/15)             Temple (1/1) D:6

Altars:
Ashenzari
Cheibriados
Dithmenos
Elyvilon
Fedhas
Gozag
Hepliaklqana
Kikubaaqudgha
Makhleb
Nemelex Xobeh
Okawaru
Qazlal
Ru
Wu Jian
Yredelemnul
Zin
The Shining One


Innate Abilities, Weirdness & Mutations

You are immune to sickness and miasma.
Your stone body is resilient. (AC +6)
You are immune to poison.
You resist negative energy. (rN+)
You are resistant to electric shocks. (rElec)
You are resistant to unholy torment.
You are immune to petrification.


Message History

The hound is severely wounded.
The hound bites you but does no damage. x2
You miss the hound.
The hound is severely wounded.
The hound bites you.
You slash the hound!
You kill the hound!
Okawaru accepts your kill.
You see here a hound corpse.
You open the door.
A troll and a gargoyle come into view.
The gargoyle hurls a stone arrow at you.
The stone arrow hits you.
Found five items.
Found 16 gold pieces.
The troll bites you but does no damage. The troll claws you but does no damage.
The troll claws you!
There is an open door here.
You hit the troll.
The troll is lightly wounded.
You completely miss the gargoyle. The troll bites you but does no damage.
The troll claws you but does no damage. x2
The gargoyle hits you with a +0 mace!
You barely miss the troll.
The troll is lightly wounded.
You barely miss the gargoyle. The troll closely misses you.
You block the troll's attack. x2
The gargoyle hits you but does no damage.
You hit the troll.
The troll is lightly wounded.
You hit the gargoyle but do no damage. You block the troll's attack.
The troll claws you but does no damage. You block the troll's attack.
The gargoyle hits you with a +0 mace! The troll bites you but does no damage.
The troll claws you but does no damage. The troll claws you!
* * * LOW HITPOINT WARNING * * *
The gargoyle hits you with a +0 mace!
* * * LOW HITPOINT WARNING * * *
You barely miss the troll.
The troll is lightly wounded.
You hit the gargoyle but do no damage. The troll bites you.
You die...

##>.........##...##
#######......####......##
####........##### #...#...##
##....###..### ####.#....### *
#..###....## ##....##...### *
#.####.#########..#####.#..##
****#.##.............#.^....##.>#
#*,*#######..#########.########.#
.,,*,,,+,,#..#..@T.[##.#### #.#
.,**,8,*,,#..#..#9)(#.....# #.#
,***,,,*,,#..#..#$.$#.....# #.#
,* *****,,#).#..#####.....# #.#
** *,,,,,,#..#......#.....# #.# *
*,,,,,,#..#......#....<# #.# *
*,.#####..#####..#.....# #>#
****,.....#..#..†...#.....# #..
,,**,.....#..#......#.....# #..


You could see a troll and a gargoyle.

Vanquished Creatures
  Grinder (D:5)
  Sigmund (D:2)
  Eustachio (D:5)
  Edmund (D:5)
  2 ice beasts
  A black bear (D:6)
  An orc warrior (D:6)
  An ogre (D:6)
  A bullfrog (D:5)
  2 scorpions
  4 wights (D:6)
  5 hounds
  An orc priest (D:4)
  3 iguanas
  3 orc wizards
  6 adders
  2 white imps
  2 worms
  A dart slug (D:1)
  6 orcs
  6 endoplasms
  5 giant cockroaches
  10 goblins
  5 hobgoblins
  3 jackals (D:1)
  A quokka (D:2)
  10 ball pythons
  3 bats
  3 frilled lizards
  6 kobolds
  2 rats
99 creatures vanquished.

Notes
Turn   | Place    | Note
-------+----------+-------------------------------------------
     0 | D:1      | bande the Gargoyle Fighter began the quest for the Orb.
     0 | D:1      | Reached XP level 1. HP: 14/14 MP: 1/1
   150 | D:1      | Reached XP level 2. HP: 19/19 MP: 2/2
   271 | D:1      | Reached skill level 2 in Axes
   313 | D:1      | Reached XP level 3. HP: 22/23 MP: 3/3
   708 | D:2      | Got the Tome of Destined Transportation
   764 | D:2      | Noticed Sigmund
   783 | D:2      | HP: 1/23 [something (4)]
   786 | D:2      | Killed Sigmund
   787 | D:2      | Reached skill level 3 in Axes
   787 | D:2      | Reached XP level 4. HP: 2/29 MP: 4/4
   787 | D:2      | Reached XP level 5. HP: 3/33 MP: 5/5
  1206 | D:2      | You fall into a shaft and drop 1 floor!
  1995 | D:3      | Reached skill level 4 in Axes
  1995 | D:3      | Reached XP level 6. HP: 35/38 MP: 6/6
  2144 | D:3      | Found a glowing golden altar of the Shining One.
  2156 | D:3      | Found a glowing silver altar of Zin.
  2157 | D:3      | Found a burning altar of Makhleb.
  2157 | D:3      | Found a blossoming altar of Fedhas.
  2158 | D:3      | Found a basalt altar of Yredelemnul.
  2159 | D:3      | Found a stormy altar of Qazlal.
  2344 | D:4      | Identified 2 scrolls of acquirement
  2344 | D:4      | Acquired the ring of the Morning {rElec Will+ AC+4 Dex+2}
  2721 | D:4      | Found a white marble altar of Elyvilon.
  3262 | D:5      | Entered Level 5 of the Dungeon
  3271 | D:5      | Reached XP level 7. HP: 44/44 MP: 7/7
  3277 | D:5      | Reached skill level 5 in Axes
  3278 | D:5      | Acquired 223 gold pieces
  3316 | D:5      | Noticed Eustachio
  3335 | D:5      | Killed Eustachio
  3336 | D:5      | Reached skill level 1 in Evocations
  3352 | D:5      | Reached skill level 5 in Armour
  3551 | D:5      | Reached skill level 6 in Axes
  3551 | D:5      | Reached XP level 8. HP: 35/48 MP: 5/8
  3692 | D:5      | Noticed Edmund
  3721 | D:5      | Killed Edmund
  3722 | D:5      | Reached skill level 5 in Fighting
  3884 | D:5      | Noticed Grinder
  3902 | D:5      | Killed Grinder
  3991 | D:5      | Identified the +3 whip "Hiuxt" {flame, *Rage Will+ Dex+4}
  4175 | D:6      | Reached skill level 7 in Axes
  4375 | D:6      | Reached XP level 9. HP: 39/54 MP: 6/9
  4486 | D:6      | Found a staircase to the Ecumenical Temple.
  4495 | Temple   | Entered the Ecumenical Temple
  4518 | Temple   | Became a worshipper of Warmaster Okawaru
  4760 | D:6      | Reached skill level 1 in Invocations
  4797 | D:6      | Noticed a troll
  4797 | D:6      | Noticed a gargoyle
  4802 | D:6      | Slain by a troll

Illustrated notes

Levels and vault maps discovered:
D:1:      dpeg_arrival_court, layout_rooms, serial_glass, glass_columns_a,
          glass_columns_a, glass_columns_a, glass_columns_c, glass_columns_c,
          glass_columns_a, glass_columns_b, glass_columns_c, glass_columns_b,
          glass_columns_a, glass_columns_a, glass_columns_c, glass_columns_a,
          glass_columns_b, st_stairs_7
D:2:      layout_basic, uniq_sigmund
D:3:      layout_rooms, minitemple
D:4:      layout_loops_corners, nicolae_elyvilon_temple_path
D:5:      layout_rooms, grunt_ministairs_5, kennysheep_boxes, uniq_edmund,
          uniq_grinder, uniq_eustachio
D:6:      kennysheep_windowed_halls, layout_rooms, minmay_temple_entry_poolview
Temple:   compressed_dpeg_triangle_lava_temple

Skill      XL: |  1  2  3  4  5  6  7  8  9 |
---------------+----------------------------+-----
Axes           | 2 3 4 6 7 |  7.6
Fighting       | 4 5 |  5.6
Armour         | 4 5 6 |  6.2
Shields        | 4 |  4.8
Evocations     | 1 3 |  3.4
Invocations    | 1 |  1.1
Stealth        | |  0.3

Action                   |  1- 3 |  4- 6 |  7- 9 || total
-------------------------+-------+-------+-------++-------
Melee: War axe           |    76 |   118 |   182 ||   376
  Use: Scroll            |     4 |     2 |     9 ||    15
Armor: Scale mail        |    44 |    66 |    98 ||   208
       Chain mail        |       |       |    25 ||    25
Dodge: Dodged            |    37 |    58 |    60 ||   155
Block: Buckler           |    24 |    24 |    41 ||    89

Table legend: (Time is in decaauts)
 A = Elapsed time spent in this place.
 B = Non-inter-level travel time spent in this place.
 C = Inter-level travel time spent in this place.
 D = Time resting spent in this place.
 E = Time spent auto-exploring this place.
 F = Levels seen in this place.
 G = Mean time per level.
                   A        B        C        D        E       F      G
               +--------+--------+--------+--------+--------+-----+--------+
         Total |   4917 |   4854 |     63 |    726 |   2985 |   7 |  702.4 |
       Dungeon |   4881 |   4818 |     63 |    726 |   2976 |   6 |  813.5 |
        Temple |     36 |     36 |      0 |      0 |      9 |   1 |   36.0 |
               +--------+--------+--------+--------+--------+-----+--------+

Top non-repeatable levels by time:
     D:2: 1228 daAuts
     D:4: 947 daAuts
     D:5: 859 daAuts
     D:6: 685 daAuts
     D:1: 618 daAuts
     D:3: 542 daAuts
  Temple: 36 daAuts
